 Dungeon Crawl Stone Soup version 0.29.1-15-g9cfb28693d (webtiles) character file.

Game seed: 7846656360464631414

9 growler the Insei (level 2, 0/21 HPs)
             Began as a Merfolk Transmuter on Mar 22, 2023.
             Slain by a jackal (2 damage)
             ... on level 1 of the Dungeon.
             The game lasted 00:00:49 (366 turns).

growler the Insei (Merfolk Transmuter)               Turns: 366, Time: 00:00:50

Health: 0/21       AC:  2    Str: 10    XL:     2   Next: 12%
Magic:  4/5        EV: 12    Int: 12    God:
Gold:   5          SH:  0    Dex: 14    Spells: 4/5 levels left

rFire   . . .      SeeInvis .     - Unarmed
rCold   . . .      Faith    .   (no shield)
rNeg    . . .      Spirit   .   a - +0 robe
rPois   .          Reflect  .   (helmet currently unavailable)
rElec   .          Harm     .   (no cloak)
rCorr   .          Rampage  .   (no gloves)
Will    .....                   (boots currently unavailable)
Stlth   +.........              (no amulet)
HPRegen 0.07/turn               (no ring)
MPRegen 0.09/turn               (no ring)

@: appendages (expiring)
A: horns 2, (nimble swimmer 2), mertail
a: End Transformation


You were on level 1 of the Dungeon.
You had temporarily grown beastly horns.
You visited 1 branch of the dungeon, and saw 1 of its levels.

You collected 5 gold pieces.

Inventory:

Armour
 a - a +0 robe (worn)
Potions
 b - a potion of lignification
 c - a potion of curing {unknown}
 d - a potion of invisibility {unknown}


   Skills:
 - Level 1.1 Fighting
 - Level 2.6 Dodging
 + Level 3.5 Unarmed Combat
 + Level 2.2 Spellcasting
 + Level 3.1 Transmutations


You had 4 spell levels left.
You knew the following spells:

 Your Spells              Type           Power      Damage    Failure   Level
a - Beastly Appendage     Tmut           16%        N/A       8%          1

Your spell library contained the following spells:

 Spells                   Type           Power      Damage    Failure   Level
 Wereblood                Tmut           8%         N/A       11%         2
 Spider Form              Tmut/Pois      5%         N/A       38%         3
 Ice Form                 Ice/Tmut       5%         N/A       80%         4


Dungeon Overview and Level Annotations

Branches:
Dungeon (1/15)

Altars:


Innate Abilities, Weirdness & Mutations

You have temporarily grown beastly horns.
((You are very nimble when in or above water. (Stealth+, EV+, Speed+++)))
Your lower body shifts to a powerful aquatic tail in water.


Message History

The jackal moves out of view. x2
The endoplasm quivers.
A jackal comes into view.
The jackal barely misses you. The endoplasm freezes you.
You are frozen.
You hit the jackal but do no damage.
You headbutt the jackal, but do no damage.
The jackal closely misses you. The endoplasm hits you.
You hit the jackal.
The jackal is severely wounded.
The jackal bites you but does no damage.
The endoplasm misses you. The jackal barely misses you.
Unknown command.
You hit the jackal.
You kill the jackal!
The endoplasm freezes you.
You are frozen.
You have reached level 2!
You barely miss the endoplasm. The jackal closely misses you.
The endoplasm hits you but does no damage.
You hit the endoplasm.
The endoplasm is almost dead.
The jackal bites you. The jackal barely misses you. The endoplasm hits you.
You hit the endoplasm.
You kill the endoplasm!
The jackal bites you.
* * * LOW HITPOINT WARNING * * *
You closely miss the jackal. The jackal barely misses you.
The jackal bites you.
* * * LOW HITPOINT WARNING * * *
You barely miss the jackal. The jackal closely misses you.
You barely miss the jackal.
You headbutt the jackal, but do no damage.
The jackal closely misses you. The jackal bites you.
* * * LOW HITPOINT WARNING * * *
You closely miss the jackal. Your headbutt misses the jackal.
Your transformation is almost over.
The jackal closely misses you. The jackal bites you.
You die...

#.....# #..... #.#^.#. #
#.....# #.##... ...
#....†. # #.....#
#.#....... ##.#...
######....# #.... ..
###'####
........[.##....###.
#x#.#B##
..........+..#..... .
###.####
..).......#..#..#h# ...
#p#.#6##
..........#.....#h#.....
###.###
............###.@h......
#x#.#O#
.####.........#.#+#.....
###.### .#
#...................
#V#.#n# .#
#............?..##..
###.### .#
#.........##....#
#m#.#H# .# ###########
...... ###.### .#
...##.. #T#.#p# .# ...#
. ###.### .# ####
#o#.#i#


You could see 3 jackals.

Vanquished Creatures
  2 endoplasms (D:1)
  A giant cockroach (D:1)
  2 hobgoblins (D:1)
  A jackal (D:1)
  A rat (D:1)
7 creatures vanquished.

Notes
Turn   | Place    | Note
-------+----------+-------------------------------------------
     0 | D:1      | growler the Merfolk Transmuter began the quest for the Orb.
     0 | D:1      | Reached XP level 1. HP: 15/15 MP: 3/3
     2 | D:1      | Noticed a demonspawn
     2 | D:1      | Noticed a vine stalker
     4 | D:1      | Noticed a naga
     4 | D:1      | Noticed a gargoyle
     6 | D:1      | Noticed a formicid
     6 | D:1      | Noticed a draconian
     8 | D:1      | Noticed a human
     8 | D:1      | Noticed a palentonga
    10 | D:1      | Noticed a tengu
    10 | D:1      | Noticed an elf
    12 | D:1      | Noticed a felid
    14 | D:1      | Noticed a spriggan
    16 | D:1      | Noticed a troll
    16 | D:1      | Noticed a demigod
    18 | D:1      | Noticed a merfolk
    18 | D:1      | Noticed a minotaur
    20 | D:1      | Noticed a vampire
    20 | D:1      | Noticed a ghoul
    22 | D:1      | Noticed an octopode
    22 | D:1      | Noticed an ogre
    24 | D:1      | Noticed a meteoran
    24 | D:1      | Noticed a demonspawn
    26 | D:1      | Noticed an octopode
    26 | D:1      | Noticed a formicid
   360 | D:1      | Reached XP level 2. HP: 9/21 MP: 3/5
   366 | D:1      | Slain by a jackal

Illustrated notes

Levels and vault maps discovered:
D:1:      kb_arrival_jail, layout_basic, serial_shops,
          nicolae_shop_hallway_stairs, ebering_ecumenical_altar_abandoned

Skill      XL: |  1 |
---------------+----+-----
Transmutations | 3 |  3.1
Fighting       | |  1.1
Dodging        | |  2.6
Unarmed Combat | |  3.5
Spellcasting   | |  2.2

Action                   || total
-------------------------++-------
Melee: Unarmed           ||    23
       Headbutt          ||     3
 Cast: Beastly Appendage ||     5
Armor: Robe              ||     3
Dodge: Dodged            ||    17
